 Dungeon Crawl Stone Soup version 0.17-a0-1830-g81820eb (webtiles) character file.

37 DecibelRebel the Charmwright (level 3, 0/36 HPs)
             Began as a High Elf Skald on Sept 14, 2015.
             Succumbed to an adder's poison
             ... on level 2 of the Dungeon.
             The game lasted 00:06:46 (1194 turns).

DecibelRebel the Charmwright (High Elf Skald)       Turns: 1194, Time: 00:06:46

Health: 0/36       AC: 21    Str: 17    XL:     3   Next: 21%
Magic:  1/8        EV:  2    Int: 15    God:
Gold:   97         SH:  0    Dex: 15    Spells: 3 memorised, 2 levels left

rFire  . . .     SeeInvis .     a - +0 falchion
rCold  . . .     Clarity  .     (armour currently unavailable)
rNeg   + + +     SustAt   .     (no shield)
rPois  +         Gourm    .     (helmet currently unavailable)
rElec  .         Spirit   .     (cloak currently unavailable)
rCorr  .         Warding  .     (gloves currently unavailable)
rMut   .         NoTele   +     (boots currently unavailable)
MR     .....                    (no amulet)
Stlth  +.........               (no ring)
                                (no ring)

@: mighty, lethally poisoned (0 -> -1), tree-form, very slightly contaminated,
not resistant to hostile enchantments, very unstealthy
A: no striking features
a: no special abilities


You were on level 2 of the Dungeon.
You were not hungry.
You were a tree.
You visited 1 branch of the dungeon, and saw 2 of its levels.

You collected 97 gold pieces.

Inventory:

Hand weapons
 a - a +0 falchion (weapon)
Armour
 b - a +0 leather armour (melded)
 p - a +1 pair of boots (melded)
Jewellery
 i - an uncursed ring of protection from fire {unknown}
 k - an uncursed ring of positive energy {unknown}
Scrolls
 e - 2 scrolls of identify {unknown}
 l - a scroll of fog {unknown}
 m - a scroll of amnesia {unknown}
 n - a scroll of remove curse {unknown}
Books
 c - a book of Battle

   Spells                             Type                      Level
   a - Infusion                       Charms                       1
   b - Shroud of Golubria             Charms/Translocation         2
   c - Song of Slaying                Charms                       2
   d - Spectral Weapon                Hexes/Charms                 3
   e - Regeneration                   Charms/Necromancy            3
Comestibles
 d - 3 bread rations
 g - 3 meat rations
 o - a chunk of flesh


   Skills:
 - Level 2.0 Fighting
 * Level 3.5 Long Blades
 - Level 0.8 Armour
 - Level 1.1 Dodging
 + Level 2.8 Spellcasting
 + Level 4.2 Charms


You had 2 spell levels left.
You knew the following spells:

 Your Spells              Type           Power        Failure   Level  Hunger
a - Infusion              Chrm           ##....       4%          1    #......
b - Shroud of Golubria    Chrm/Tloc      #.........   14%         2    ##.....
c - Song of Slaying       Chrm           ##......     8%          2    ##.....


Dungeon Overview and Level Annotations

Branches:
Dungeon (2/15)

Altars:
Cheibriados


Message History

Increase (S)trength, (I)ntelligence, or (D)exterity?
You feel stronger.
You feel agile.
There is a lethal amount of poison in your body!
Drink which item? (? for menu, Esc to quit)
It was a potion of might.
You feel very mighty all of a sudden.
* * * LOW HITPOINT WARNING * * *
You feel sick.
Drink which item? (? for menu, Esc to quit)
It was a potion of flight.
You feel very buoyant.
You fly up into the air.
Drink which item? (? for menu, Esc to quit)
It was a potion of lignification.
You turn into a tree.
Your +1 pair of boots melds into your body.
Your +0 leather armour melds into your body.
Your roots penetrate the ground.
There is a lethal amount of poison in your body!
You are no longer magically infusing your attacks.
You die...

.. #.# #..# ...
# .. #.#.## #
.###.#..##.##.#
.......♣†......
.###.#..##.##.#
#..# .# #..##.#
#..##.# #
#..##.##.#
#........#
#####...#.#..#
..........#


There were no monsters in sight!

Vanquished Creatures
  An adder (D:2)
  2 giant cockroaches (D:1)
  4 goblins
  4 hobgoblins
  2 kobolds (D:1)
  4 bats (D:1)
  5 giant newts
  6 rats
28 creatures vanquished.

Notes
Turn   | Place    | Note
--------------------------------------------------------------
     0 | D:1      | DecibelRebel the High Elf Skald began the quest for the Orb.
     0 | D:1      | Reached XP level 1. HP: 14/14 MP: 4/4
   360 | D:1      | Reached XP level 2. HP: 9/19 MP: 6/6
   400 | D:1      | Reached skill level 4 in Charms
   404 | D:1      | Learned a level 2 spell: Shroud of Golubria
   407 | D:1      | Learned a level 2 spell: Song of Slaying
  1101 | D:2      | Found a snail-covered altar of Cheibriados.
  1189 | D:2      | Reached XP level 3. HP: 2/24 MP: 0/8
  1190 | D:2      | HP: 1/24 [poisoned by an adder]
  1194 | D:2      | Succumbed to an adder's poison

Vault maps used:
D:1:      lemuel_arrival_river_passageway
D:2:      cheibriados_altar_1, trog_butcher_becter

Action                   || total
-------------------------++-------
Melee: Falchion          ||    87
 Cast: Infusion          ||     8
       Shroud of Golubri ||     1
       Song of Slaying   ||     1
  Use: Potion            ||     3
  Eat: Chunk             ||     1
